 Dungeon Crawl Stone Soup version 0.30-a0-723-gc1506a1cf0 (webtiles) character file.

Game seed: 13092889235271959040

33 ASSMAN the Magician (level 3, 0/19 HPs)
             Began as a Deep Elf Venom Mage on Jan 29, 2023.
             Slain by a black bear (4 damage)
             ... on level 2 of the Dungeon.
             The game lasted 00:02:49 (1008 turns).

ASSMAN the Magician (Deep Elf Venom Mage)           Turns: 1008, Time: 00:02:49

Health: 0/19       AC:  2    Str:  5    XL:     3   Next: 12%
Magic:  9/10       EV: 12    Int: 21    God:
Gold:   89         SH:  0    Dex: 15    Spells: 9/10 levels left

rFire   . . .      SeeInvis .    e - +0 dagger
rCold   . . .      Faith    .    (no shield)
rNeg    . . .      Spirit   .    a - +0 robe
rPois   .          Reflect  .    (no helmet)
rElec   .          Harm     .    (no cloak)
rCorr   .          Rampage  .    (no gloves)
Will    .....                    (no boots)
Stlth   ++                       (no amulet)
HPRegen 0.23/turn                (no ring)
MPRegen 0.12/turn                (no ring)

@: brilliant
A: no striking features
a: no special abilities


You were on level 2 of the Dungeon.
You visited 1 branch of the dungeon, and saw 2 of its levels.

You collected 89 gold pieces.

Inventory:

Hand Weapons
 e - a +0 dagger (weapon)
Armour
 a - a +0 robe (worn)
Scrolls
 c - 2 scrolls of enchant weapon {unknown}
 d - 2 scrolls of identify {unknown}
 f - a scroll of noise {unknown}
 g - a scroll of immolation {unknown}
 i - a scroll of teleportation {unknown}
 k - a scroll of silence {unknown}
 l - a scroll of enchant armour {unknown}
Potions
 b - a potion of magic
 h - a potion of brilliance
 j - a potion of berserk rage {unknown}


   Skills:
 - Level 2.4 Dodging
 - Level 2.4 Stealth
 + Level 4.1 Spellcasting
 - Level 1.1 Transmutations
 + Level 4.1 Poison Magic


You had 9 spell levels left.
You knew the following spells:

 Your Spells              Type           Power      Damage    Failure   Level
a - Sting                 Tmut/Pois      88%        1d7       4%          1

Your spell library contained the following spells:

 Spells                   Type           Power      Damage    Failure   Level
 Poisonous Vapours        Pois/Air       38%        N/A       8%          2
 Shock                    Conj/Air       24%        1d4       12%         1
 Mephitic Cloud           Conj/Pois/Air  15%        N/A       21%         3
 Olgreb's Toxic Radiance  Pois           32%        N/A       22%         4
 Swiftness                Air            6%         N/A       34%         3
 Airstrike                Air            3%         2d(1-17)  75%         4


Dungeon Overview and Level Annotations

Branches:
Dungeon (2/15)

Altars:


Message History

No target in view!
(D) Dungeon
Where to? (? - help)
You see here a +0 spear.
You see here a ball python skeleton.
There is a stone staircase leading down here.
You climb downwards.
There is a stone staircase leading up here.
There is a stone staircase leading up here.
There is a stone staircase leading up here.
l - a scroll labelled VUCZOE SOODOIM You open the door.
A black bear comes into view.
Found a lumpy emerald potion.
A black bear is nearby!
Okay, then.
There is an open door here.
Casting: Sting (safe; 4% risk of failure)
Confirm with . or Enter, or press ? or * to list all spells.
You can't see any susceptible monsters within range! (Use Z to cast anyway.) Unknown command.
The black bear growls angrily.
Casting: Sting (safe; 4% risk of failure)
Confirm with . or Enter, or press ? or * to list all spells.
Aiming: Sting (safe; 4% risk of failure)
Press: ? - help, Shift-Dir - straight line, f - black bear
Aim: a black bear (81% to hit)
The sting hits the black bear.
The black bear is poisoned.
The black bear is lightly wounded.
Okay, then.
The black bear attacks as you move away!
The black bear bites you. The black bear claws you. x2
* * * LOW HITPOINT WARNING * * *
There is an open door here.
It was a potion of brilliance.
You feel clever all of a sudden. The black bear bites you.
* * * LOW HITPOINT WARNING * * *
The black bear claws you.
You die...

# #+## #. ...##
##.##### ###....##
#.#....# ##.......#
#.#...####.........
#........@h........
#.#...#.##.........
#.##..#.###.!.....#
#.###.#.# ##.....##
#.....#.# #...##
#<#####.# #+##
#.#####.# #.......#
#.#######


You could see a black bear (poisoned).

Vanquished Creatures
  4 dart slugs (D:1)
  2 endoplasms (D:1)
  A giant cockroach (D:1)
  2 goblins (D:1)
  A hobgoblin (D:1)
  3 ball pythons (D:1)
  2 bats (D:1)
  8 kobolds (D:1)
  5 rats (D:1)
28 creatures vanquished.

Notes
Turn   | Place    | Note
-------+----------+-------------------------------------------
     0 | D:1      | ASSMAN the Deep Elf Venom Mage began the quest for the Orb.
     0 | D:1      | Reached XP level 1. HP: 10/10 MP: 6/6
   148 | D:1      | Reached XP level 2. HP: 15/15 MP: 4/8
   745 | D:1      | Reached XP level 3. HP: 19/19 MP: 4/10
  1001 | D:2      | Noticed a black bear
  1008 | D:2      | Slain by a black bear

Illustrated notes

Levels and vault maps discovered:
D:1:      beargit_arrival_greenhouse, layout_basic,
          nicolae_kite_square_tiling_tiny, minmay_misc_feat_square
D:2:      layout_loops_corners, dreamdust_ecumenical_altar_angels_and_demons,
          kennysheep_generic_room_8

Skill      XL: |  1  2 |
---------------+-------+-----
Spellcasting   | 4 |  4.1
Poison Magic   | 4 |  4.1
Dodging        | |  2.4
Stealth        | |  2.4
Transmutations | |  1.1

Action                     || total
---------------------------++-------
  Melee: Dagger            ||    11
   Cast: Sting             ||    47
    Use: Potion            ||     1
   Stab: Sleeping          ||     2
 Armour: Robe              ||     5
  Dodge: Dodged            ||    20

Table legend: (Time is in decaauts)
 A = Elapsed time spent in this place.
 B = Non-inter-level travel time spent in this place.
 C = Inter-level travel time spent in this place.
 D = Time resting spent in this place.
 E = Time spent auto-exploring this place.
 F = Levels seen in this place.
 G = Mean time per level.
                   A        B        C        D        E       F      G
               +--------+--------+--------+--------+--------+-----+--------+
         Total |   1007 |    986 |     21 |     64 |    734 |   2 |  503.5 |
       Dungeon |   1007 |    986 |     21 |     64 |    734 |   2 |  503.5 |
               +--------+--------+--------+--------+--------+-----+--------+

Top non-repeatable levels by time:
     D:1: 981 daAuts
     D:2: 25 daAuts
